 Dungeon Crawl Stone Soup version 0.22.1-2-g9c5b331 (webtiles) character file.

3091 ubloh the Destroyer (level 9, -5/45 HPs)
             Began as a Deep Elf Fire Elementalist on Dec 25, 2018.
             Was a Believer of Vehumet.
             Slain by a slime creature (12 damage)
             ... on level 8 of the Dungeon.
             The game lasted 01:07:45 (10567 turns).

ubloh the Destroyer (Deep Elf Fire Elementalist)   Turns: 10567, Time: 01:07:45

Health: -5/45      AC:  5    Str:  8    XL:     9   Next: 59%
Magic:  17/24      EV: 18    Int: 24    God:    Vehumet [**....]
Gold:   62         SH:  0    Dex: 15    Spells: 10/26 levels left

rFire    + . .     SeeInvis .   a - staff of conjuration
rCold    . . .     Gourm    .   (no shield)
rNeg     . . .     Faith    .   N - +0 robe {rF+}
rPois    .         Spirit   .   K - +0 helmet
rElec    .         Reflect  .   v - +0 cloak
rCorr    .         Harm     .   Q - +0 pair of gloves
MR       .....                  (no boots)
Stlth    ++........             (no amulet)
HPRegen  0.15/turn              l - +3 ring of strength
MPRegen  0.19/turn              P - +5 ring of evasion

@: no status effects
A: no striking features
a: Renounce Religion


You were on level 8 of the Dungeon.
You worshipped Vehumet.
Vehumet was pleased with you.
You were near starving.

You visited 2 branches of the dungeon, and saw 9 of its levels.

You collected 197 gold pieces.
You spent 135 gold pieces at shops.

Inventory:

Hand Weapons
 b - a +0 hunting sling
 J - a +2 dagger of electrocution
Missiles
 g - 115 sling bullets
Armour
 m - a +0 shield
 v - a +0 cloak (worn)
 K - a +0 helmet (worn)
 N - a +0 robe of fire resistance (worn)
 Q - a +0 pair of gloves (worn)
Magical Staves
 a - an uncursed staff of conjuration (weapon)
Jewellery
 l - a +3 ring of strength (left hand)
 P - a +5 ring of evasion (right hand)
Wands
 d - a wand of flame (35)
 q - a wand of digging (8)
 z - a wand of disintegration (16)
 A - a wand of iceblast (23)
 E - a wand of enslavement (17)
 M - a wand of random effects (29)
Scrolls
 f - a scroll of random uselessness {unknown}
 h - 4 scrolls of remove curse {unknown}
 j - 3 scrolls of identify {unknown}
 k - 7 scrolls of teleportation {unknown}
 n - 2 scrolls of magic mapping {unknown}
 o - 3 scrolls of enchant weapon {unknown}
 s - a scroll of blinking {unknown}
 u - a scroll of noise {unknown}
 x - 4 scrolls of enchant armour {unknown}
 y - 3 scrolls of amnesia {unknown}
 C - a scroll of fear {unknown}
 H - a scroll of immolation {unknown}
 I - 2 scrolls of fog {unknown}
 O - a scroll of vulnerability {unknown}
Potions
 e - 3 potions of curing {unknown}
 i - a potion of might {unknown}
 p - 2 potions of lignification {unknown}
 r - 3 potions of heal wounds {unknown}
 t - a potion of degeneration {unknown}
 w - 3 potions of mutation {unknown}
 B - a potion of magic {unknown}
 D - a potion of agility {unknown}
 F - a potion of ambrosia {unknown}
 G - 3 potions of invisibility {unknown}
 L - a potion of brilliance {unknown}
Comestibles
 c - 12 rations


   Skills:
 - Level 3.1 Dodging
 - Level 2.4 Stealth
 + Level 9.2 Spellcasting
 * Level 10.3 Conjurations
 + Level 8.0 Fire Magic


You had 10 spell levels left.
You knew the following spells:

 Your Spells              Type           Power        Failure   Level  Hunger
a - Flame Tongue          Conj/Fire      #####        1%          1    None
b - Throw Flame           Conj/Fire      ######       1%          2    None
c - Conjure Flame         Conj/Fire      ######..     1%          3    None
d - Sticky Flame          Conj/Fire      ######..     1%          4    ##.....
e - Fireball              Conj/Fire      ######....   3%          5    ####...
f - Shock                 Conj/Air       ####         1%          1    None

Your spell library contained the following spells:

 Spells                   Type           Power        Failure   Level  Hunger
 Throw Frost              Conj/Ice       ######       1%          2    None
 Inner Flame              Hex/Fire       ####....     3%          3    None
 Mephitic Cloud           Conj/Pois/Air  #####...     4%          3    None
 Confusing Touch          Hex            ##....       6%          1    None
 Poisonous Vapours        Pois/Air       ##....       9%          2    None
 Confuse                  Hex            ##......     17%         3    None
 Gell's Gravitas          Tloc           ##........   17%         3    None
 Petrify                  Tmut/Erth      ##......     50%         4    ##.....
 Metabolic Englaciation   Hex/Ice        ##........   85%         5    ####...
 Yara's Violent Unravell  Hex/Tmut       ##........   85%         5    ####...
 Freezing Cloud           Conj/Ice/Air   #####.....   91%         6    ######.
 Ring of Flames           Chrm/Fire      ####......   100%        7    #######


Dungeon Overview and Level Annotations

Branches:
Dungeon (8/15)             Temple (1/1) D:4
   Lair: D:8-11

Altars:
Ashenzari
Cheibriados
Dithmenos
Elyvilon
Fedhas
Gozag
Hepliaklqana
Kikubaaqudgha
Makhleb
Nemelex Xobeh
Okawaru
Qazlal
Ru
Sif Muna
Trog
Uskayaw
Vehumet
Wu Jian
Xom
Yredelemnul
Zin
The Shining One

Shops:
D:8 [

Annotations:
D:6 3 runed doors, RoboWizard's ghost, novice SpAs
D:7 exclusion: downstairs
D:8 1 transporter, Erica; WarriorsX's ghost, novice HuFi


Message History

* * * LOW HITPOINT WARNING * * *
Casting: Flame Tongue (safe; 1% risk of failure)
Confirm with . or Enter, or press ? or * to list all spells.
Aiming: Flame Tongue (safe; 1% risk of failure)
Press: ? - help, Shift-Dir - straight line, f/p - slime creature
Aim: a slime creature (severely wounded, covered in liquid flames)
You feel a surge of power!
The flame tongue hits the slime creature.
The slime creature is almost dead.
The slime creature burns!
The slime creature closely misses you.
Casting: Flame Tongue (safe; 1% risk of failure)
Confirm with . or Enter, or press ? or * to list all spells.
Aiming: Flame Tongue (safe; 1% risk of failure)
Press: ? - help, Shift-Dir - straight line, f/p - slime creature
Aim: a slime creature (almost dead, covered in liquid flames)
You feel a surge of power!
The flame tongue hits the slime creature.
The slime creature is almost dead.
The slime creature burns!
The slime creature hits you!
You die...

#.....#####..............
#.....# ##........#....
#.....# ##.......#....
##....# #.......#....
##....# #.......#....
+.....# #.......#....
#.....# #.......#....
##...########.......#.##.
####...@........#'##.##.
........#..J.......#.......
.....(..#.##'##....#.......
..##....###...##...#.......
#....##.###.#...#.......
#.....##. #.#...#.......
#.....## #.#...'.......
#.....+ #...##...#.......
#####....########


You could see a slime creature (burning).

Vanquished Creatures
  A two-headed ogre (D:8)
  3 hippogriffs
  Sigmund (D:5)
  2 wyverns (D:8)
  An orc warrior (D:7)
  A phantom (D:6)
  2 ogres
  2 centaurs
  A bullfrog (D:4)
  A scorpion (D:7)
  4 wights
  A howler monkey (D:2)
  A crimson imp (D:6)
  A bullfrog zombie (D:5)
  A hound (D:8)
  2 orc wizards
  An orc priest (D:7)
  2 centaur skeletons
  An iguana (D:6)
  4 worker ants
  Robin (D:4)
  6 adders
  6 gnolls
  A howler monkey skeleton (D:4)
  2 shadow imps
  2 oozes
  2 worms
  A dart slug (D:4)
  5 leopard geckos
  18 orcs
  7 bats
  6 giant cockroaches
  2 gnoll zombies (D:4)
  23 goblins
  12 hobgoblins
  11 jackals
  7 kobolds
  4 quokkas
  2 ball pythons
  5 frilled lizards
  7 rats
163 creatures vanquished.

Notes
Turn   | Place    | Note
-------+----------+-------------------------------------------
     0 | D:1      | ubloh the Deep Elf Fire Elementalist began the quest for
                  | the Orb.
     0 | D:1      | Reached XP level 1. HP: 10/10 MP: 6/6
   490 | D:1      | Reached XP level 2. HP: 4/15 MP: 1/8
   715 | D:1      | Learned a level 2 spell: Throw Flame
   761 | D:1      | Reached skill level 2 in Conjurations
  1025 | D:2      | Reached XP level 3. HP: 19/19 MP: 2/9
  1335 | D:2      | Found a snail-covered altar of Cheibriados.
  1374 | D:2      | Learned a level 3 spell: Conjure Flame
  1432 | D:2      | Reached XP level 4. HP: 24/24 MP: 1/11
  1755 | D:2      | Reached skill level 3 in Conjurations
  2142 | D:2      | Learned a level 4 spell: Sticky Flame
  2531 | D:2      | Reached XP level 5. HP: 6/28 MP: 3/13
  3452 | D:3      | Reached skill level 4 in Conjurations
  4059 | D:2      | Found a shimmering altar of Xom.
  4367 | D:4      | Found a staircase to the Ecumenical Temple.
  4374 | Temple   | Entered the Ecumenical Temple
  4397 | Temple   | Became a worshipper of Vehumet
  4619 | D:4      | Reached XP level 6. HP: 32/32 MP: 5/15
  4850 | D:4      | Reached skill level 5 in Spellcasting
  5216 | D:4      | Reached skill level 5 in Conjurations
  5255 | D:4      | Found a basalt altar of Yredelemnul.
  5584 | D:4      | Noticed Robin
  5633 | D:4      | Killed Robin
  5633 | D:4      | Reached skill level 5 in Fire Magic
  5916 | D:5      | Entered Level 5 of the Dungeon
  6039 | D:5      | Reached XP level 7. HP: 36/36 MP: 6/17
  6046 | D:5      | Learned a level 5 spell: Fireball
  6190 | D:5      | Found a deep blue altar of Sif Muna.
  6349 | D:5      | Reached * piety under Vehumet
  6349 | D:5      | Offered knowledge of Shock by Vehumet.
  6435 | D:5      | Found a sparkling altar of Nemelex Xobeh.
  6436 | D:5      | Noticed Sigmund
  6786 | D:5      | Learned a level 1 spell: Shock
  6836 | D:5      | Reached skill level 6 in Conjurations
  7139 | D:5      | Killed Sigmund
  7580 | D:6      | Found a runed gate.
  7594 | D:6      | Noticed RoboWizard's ghost (novice SpAs)
  7595 | D:6      | Found a runed gate.
  7595 | D:6      | Found a runed gate.
  7842 | D:6      | Reached skill level 7 in Conjurations
  8056 | D:6      | Reached XP level 8. HP: 27/41 MP: 12/20
  8925 | D:7      | Reached skill level 8 in Conjurations
  9173 | D:7      | Noticed a hippogriff
  9382 | D:7      | Found an opulent altar of Gozag.
  9482 | D:7      | Found an iron altar of Okawaru.
  9513 | D:7      | Killed a hippogriff
  9589 | D:8      | Noticed a dagger
  9590 | D:8      | Found a hide-covered altar of Uskayaw.
  9592 | D:8      | Noticed a hand axe
  9654 | D:8      | Noticed a hippogriff
  9659 | D:8      | Killed a hippogriff
  9719 | D:8      | Reached skill level 9 in Conjurations
  9825 | D:8      | Found Meoqimif's Antique Armour Shoppe.
  9839 | D:8      | Bought a pair of gloves for 135 gold pieces
  9884 | D:8      | Noticed a two-headed ogre
 10026 | D:8      | Killed a two-headed ogre
 10026 | D:8      | Reached XP level 9. HP: 27/45 MP: 12/23
 10099 | D:8      | Noticed Erica
 10114 | D:7      | Reached ** piety under Vehumet
 10114 | D:7      | Offered knowledge of Throw Frost by Vehumet.
 10362 | D:8      | Reached skill level 10 in Conjurations
 10407 | D:8      | Found a transporter.
 10410 | D:8      | Noticed WarriorsX's ghost (novice HuFi)
 10412 | D:8      | Noticed a two-headed ogre
 10567 | D:8      | Slain by a slime creature

Skill      XL: |  1  2  3  4  5  6  7  8  9 |
---------------+----------------------------+-----
Conjurations   | 2 3 4 5 7 9 10 | 10.3
Dodging        | 3 |  3.1
Fire Magic     | 4 5 6 7 8 |  8.0
Spellcasting   | 4 5 6 8 9 |  9.2
Stealth        | |  2.4

Action                   |  1- 3 |  4- 6 |  7- 9 || total
-------------------------+-------+-------+-------++-------
Melee: Dagger            |     1 |       |       ||     1
Throw: Stone             |    16 |       |       ||    16
 Cast: Flame Tongue      |    29 |    79 |   113 ||   221
       Throw Flame       |    14 |    59 |    38 ||   111
       Conjure Flame     |     1 |     6 |    10 ||    17
       Sticky Flame      |       |     9 |    18 ||    27
       Shock             |       |       |     2 ||     2
       Fireball          |       |       |     3 ||     3
  Eat: Chunk             |     2 |    16 |    11 ||    29
       Ration            |       |       |     1 ||     1
Armor: Robe              |     3 |     3 |     8 ||    14
Dodge: Dodged            |     8 |    21 |    27 ||    56
